 Dungeon Crawl Stone Soup version 0.17-a0-2220-g6fea741 (webtiles) character file.

254 ololoev the Skirmisher (level 6, -2/56 HPs)
             Began as a Hill Orc Fighter on Oct 28, 2015.
             Killed from afar by an orc (17 damage)
             ... with a wand of fire
             ... on level 4 of the Dungeon.
             The game lasted 00:04:58 (696 turns).

ololoev the Skirmisher (Hill Orc Fighter)            Turns: 696, Time: 00:04:59

Health: -2/56      AC:  8    Str: 26    XL:     6   Next: 14%
Magic:  6/6        EV:  7    Int:  8    God:
Gold:   89         SH: 10    Dex: 10    Spells: 0 memorised, 5 levels left

rFire  . . .     SeeInvis .     a - +0 war axe
rCold  . . .     Clarity  .     b - +0 scale mail
rNeg   . . .     SustAt   .     c - +0 shield
rPois  .         Gourm    .     i - +0 helmet
rElec  .         Spirit   .     (no cloak)
rCorr  .         Warding  .     (no gloves)
rMut   .         Stasis   .     (no boots)
MR     .....                    (no amulet)
Stlth  ..........               (no ring)
                                (no ring)

@: mighty, not resistant to hostile enchantments, extremely unstealthy
A: no striking features
a: no special abilities

Inventory:

Hand Weapons
 a - a +0 war axe (weapon)
Missiles
 f - 19 poisoned needles
 h - a throwing net (quivered)
 q - 6 curare-tipped needles
Armour
 b - a +0 scale mail (worn)
 c - a +0 shield (worn)
 i - a +0 helmet (worn)
Scrolls
 g - 2 scrolls of noise {unknown}
 j - a scroll of amnesia {unknown}
 k - 2 scrolls of teleportation {unknown}
 l - 2 scrolls of random uselessness {unknown}
Potions
 m - a potion of agility {unknown}
 o - a potion of curing {unknown}
 p - a potion of ambrosia {unknown}
 s - a potion of mutation {unknown}
Comestibles
 e - 4 bread rations
 n - a slice of pizza
 r - 4 chunks of flesh


   Skills:
 + Level 5.0 Fighting
 + Level 4.9 Axes
 + Level 4.6 Armour
 + Level 4.4 Shields


You had 5 spell levels left.
You didn't know any spells.


You were on level 4 of the Dungeon.
You were not hungry.

You visited 1 branch of the dungeon, and saw 4 of its levels.

You collected 89 gold pieces.

#. ..gg
.#######ogg.
...........
#....ogg...
+.o........
#####>.gg.....#
.......)).....#
#####..@g.....#
......#'#######
###....#.#
.......#.#
........###
####.......#
.....[..._.##
##.........#
#._..⌠....#

Notes
Turn   | Place    | Note
--------------------------------------------------------------
     0 | D:1      | ololoev the Hill Orc Fighter began the quest for the Orb.
     0 | D:1      | Reached XP level 1. HP: 19/19 MP: 1/1
    96 | D:1      | Reached XP level 2. HP: 25/27 MP: 2/2
   287 | D:2      | Reached skill level 4 in Fighting
   287 | D:2      | Reached XP level 3. HP: 15/33 MP: 3/3
   296 | D:2      | Found a white marble altar of Elyvilon.
   586 | D:4      | Found a shadowy altar of Dithmenos.
   589 | D:4      | Found a glowing golden altar of the Shining One.
   591 | D:4      | Found a blossoming altar of Fedhas.
   608 | D:4      | Reached XP level 4. HP: 8/41 MP: 4/4
   689 | D:4      | Noticed Sigmund
   695 | D:4      | Noticed Robin
   696 | D:4      | Killed Sigmund
   696 | D:4      | Reached skill level 5 in Fighting
   696 | D:4      | Reached XP level 5. HP: 13/48 MP: 5/5
   696 | D:4      | Reached XP level 6. HP: 15/56 MP: 6/6
   696 | D:4      | Killed from afar by an orc

Dungeon Overview and Level Annotations

Branches:
Dungeon (4/15)
 Temple: D:4-7

Altars:
Dithmenos
Elyvilon
Fedhas
The Shining One

Annotations:
D:4 Robin


Message History

The goblin shouts!
The orc shouts!
You hit the worker ant.
The worker ant is heavily wounded.
You closely miss the quokka. The worker ant closely misses you.
The quokka closely misses you. You block Sigmund's attack.
The goblin barely misses you.
Robin of the Strong Arm comes into view.
She is wielding a dagger of speed.
You barely miss Sigmund.
Sigmund is severely wounded.
Robin shouts!
You hit the quokka.
The quokka is moderately wounded.
You slash the worker ant!
You kill the worker ant!
Your Axes skill increases to level 4!
Your Armour skill increases to level 4!
You closely miss the goblin.
The quokka bites you but does no damage.
Robin roars a battlecry!
The goblins go into a battle-frenzy!
The quokka barely misses you. The goblin hits you but does no damage.
You block Sigmund's attack.
A goblin and a hobgoblin come into view.
The goblin shouts!
You slash Sigmund!
You kill Sigmund!
Your Fighting skill increases to level 5!
Your Shields skill increases to level 4!
You have reached level 5!
You feel stronger.
You have reached level 6!
Your experience leads to an increase in your attributes!
Your base attributes are Str 20, Int 8, Dex 10.
Increase (S)trength, (I)ntelligence, or (D)exterity?
You feel stronger.
You slash the quokka!
You kill the quokka!
You slash the goblin!
You kill the goblin!
The orc zaps a wand.
The bolt of fire hits you!
You die...

You could see Robin, 3 orcs, 2 hobgoblins and 6 goblins.

Vanquished Creatures
  Sigmund (D:4)
  A hound (D:4)
  A worker ant (D:4)
  An adder (D:2)
  A worm (D:2)
  A giant gecko (D:4)
  4 ball pythons
  3 goblins
  2 hobgoblins
  3 kobolds
  3 bats
  A giant newt (D:1)
  3 quokkas
  2 rats (D:1)
27 creatures vanquished.

Action                   |  1- 3 |  4- 6 || total
-------------------------+-------+-------++-------
Melee: War axe           |    79 |     4 ||    83
  Use: Potion            |       |     1 ||     1

Vault maps used:
D:1:      minmay_arrival_four_loops, kennysheep_minor_cross,
          wad_floor_pattern_untrapped
D:2:      lemuel_crystal_altar
D:3:      first_bread
D:4:      grunt_gozag_breadcrumbs, grunt_temple_overflow_open, uniq_sigmund,
          uniq_robin
